 Dungeon Crawl Stone Soup version 0.28.0-1-gb440e238dd (console) character file.

Game seed: 16754277640311499554

109 falsifian the Magician (level 4, -13/24 HPs)
             Began as a Deep Elf Hedge Wizard on Feb 27, 2022.
             Killed by an exploding white imp (37 damage)
             ... ignited by their inner flame
             ... on level 2 of the Dungeon.
             The game lasted 00:17:05 (2360 turns).

falsifian the Magician (Deep Elf Hedge Wizard)      Turns: 2360, Time: 00:17:06

Health: -13/24     AC:  2    Str:  7    XL:     4   Next: 60%
Magic:  6/13       EV: 12    Int: 21    God:
Gold:   24         SH:  0    Dex: 14    Spells: 2/14 levels left

rFire   . . .      SeeInvis .   a - +2 short sword (vamp)
rCold   . . .      Faith    .   (no shield)
rNeg    . . .      Spirit   .   b - +0 robe
rPois   .          Reflect  .   c - +0 hat
rElec   .          Harm     .   (no cloak)
rCorr   .          Rampage  .   (no gloves)
Will    .....                   (no boots)
Stlth   ++........              (no amulet)
HPRegen 0.08/turn               (no ring)
MPRegen 0.13/turn               (no ring)

@: slowed, very slow
A: no striking features
a: no special abilities


You were on level 2 of the Dungeon.
You visited 1 branch of the dungeon, and saw 2 of its levels.

You collected 24 gold pieces.

Inventory:

Hand Weapons
 a - a +2 vampiric short sword (weapon)
 g - a +0 dagger
 h - a +0 falchion
 i - a +0 long sword
 k - a +0 club
Missiles
 d - 55 sling bullets
 e - 5 poisoned darts
 j - 18 bolts
 n - 20 arrows
Armour
 b - a +0 robe (worn)
 c - a +0 hat (worn)
Scrolls
 l - a scroll of teleportation
 o - a scroll of blinking
 s - a scroll of summoning {unknown}
Potions
 f - a potion of degeneration
 m - a potion of curing
 r - a potion of cancellation {unknown}


   Skills:
 + Level 0.5 Fighting
 + Level 1.0 Short Blades
 + Level 2.8 Dodging
 + Level 3.4 Stealth
 + Level 5.9 Spellcasting
 + Level 1.5 Conjurations
 + Level 0.6 Hexes
 + Level 1.3 Summonings
 + Level 1.1 Translocations


You had 2 spell levels left.
You knew the following spells:

 Your Spells              Type           Power      Damage    Failure   Level
a - Magic Dart            Conj           48%        1d5       5%          1
b - Blink                 Tloc           22%        N/A       10%         2
c - Call Imp              Summ           11%        N/A       9%          2
d - Slow                  Hex            36%        N/A       8%          1
e - Mephitic Cloud        Conj/Pois/Air  8%         N/A       24%         3
f - Conjure Flame         Conj/Fire      9%         6-21      22%         3

Your spell library contained the following spells:

 Spells                   Type           Power      Damage    Failure   Level


Dungeon Overview and Level Annotations

Branches:
Dungeon (2/15)

Altars:


Message History

Aim: a frilled lizard (100% to hit)
The magic dart hits the frilled lizard.
The frilled lizard is heavily wounded.
Casting: Magic Dart (safe; 5% risk of failure)
Confirm with . or Enter, or press ? or * to list all spells.
Aiming: Magic Dart (safe; 5% risk of failure)
Press: ? - help, Shift-Dir - straight line, f/p - frilled lizard
Aim: a frilled lizard (heavily wounded, ally target, 100% to hit)
The magic dart hits the frilled lizard.
You kill the frilled lizard!
You start resting.
Natasha, Servant of Life and Death comes into view.
She is carrying a wand of polymorph (7).
Natasha mumbles some strange words.
Casting: Magic Dart (safe; 5% risk of failure)
Confirm with . or Enter, or press ? or * to list all spells.
Aiming: Magic Dart (safe; 5% risk of failure)
Press: ? - help, Shift-Dir - straight line, f - Natasha
Aim: Natasha, carrying a wand of polymorph (7) (100% to hit)
The magic dart hits Natasha.
Natasha is moderately wounded.
Natasha stares at you and mumbles some strange words.
You feel yourself slow down.
Okay, then.
This is a scroll of acquirement!
You see here Zyzemal's Almanac of Earth and Glamour.
Something appears at your feet! Natasha barely misses your white imp.
As you read the scroll labelled BUSERR HADEM, it crumbles to dust.
The creatures around you are filled with an inner flame!
It was a scroll of immolation.
Your white imp hits Natasha.
Flame seeps out of Natasha.
Your white imp freezes Natasha.
Flame seeps out of Natasha.
Natasha is engulfed in blazing flames.
You feel Natasha's spirit has finally been put to rest.
The shadow imp disappears in a puff of smoke!
Natasha explodes!
The fiery explosion engulfs your white imp!!
Your white imp is burned terribly!
Your white imp disappears in a puff of smoke!
Your white imp explodes!
The fiery explosion engulfs you!!!
Ouch! That really hurt!
You die...

####### #.....# #.###.# #####.###.##
#..........# ######### #.###.#.#..#
#.......#########.# #.#....#
#...........# #...#..# ####.###########
#.##.#.# #....# ###.##.#.# #
#<##.###########........#
#.##..............#.####.###
#.......##........#.####.#
####†#####........#.##...#
#....##........#.##.#.#
#..............#.##.#.#
#.#...........[#......#
#...#..........####.### #...#....##.##.#
#.# #.#####........# #.# #...#........#.#
##.###### #...#..#..##...# #.......#
####### #####
###..>.#.......###..####.###......
.....#####....##.###.......####.#...####.
#. ####.........###.#
######.##.........###.
##.##.......##...###.###
#.##.##.#........ .....##.#..##.........#
#..............#. #.......#....>..#####.#
##............### #..###..#.##..#.# ##.##
#.#........###.. #..# #..........# #...#
#.#....#..##.... #####.###§.......###
#>..# #.#....#.##...## #.....@§○§#####.##
#...# #..÷...#.#...##. #.....§§#.# #.#
#####...######....#####...##.
#.......##.#
#.###...........####.##...##...##
#..<....# ...
....................##.....##....
#.......#
..#.#.#.#...........#####..###..###..
#.......# #.# #.# #####...#####
##..)##...### .......... .# ..# #...#
#####....... ........#### .# .## #...#
##.†.##...### ##....#)# #...#
####..###..###.. .....#$ ##.##
#..##.....##.... #.# #.####...##...##
#####.#######.##.#####...##.
#.....##......#.<....#...##.
######.######.####.#.##..###...##
#.......#####.####.#.##....##....
#.####...........#.......#.####.. #.
#.....##.##.#.#.#####.# ### #. ##..#.##.#
#.#.......# #. ####..#.##.. ..#########
#.##..>###.#####...# #........#.# ###.#
##.#...#.....# #.# ##.##.##.....# #.#
#.....# .....# #..#### .....#
#..#####.....# #..†.....##### #.########
#. #. .. #) #.


There were no monsters in sight!

Vanquished Creatures
  Natasha (twice) (D:2)
  An adder (D:2)
  A dart slug (D:1)
  2 ball pythons (D:1)
  9 bats
  4 endoplasms (D:1)
  3 giant cockroaches
  A goblin (D:1)
  5 hobgoblins
  A quokka (D:2)
  5 frilled lizards
  5 rats
39 creatures vanquished.

Vanquished Creatures (collateral kills)
  Natasha (D:2)
  An adder (D:2)
2 creatures vanquished.

Grand Total: 41 creatures vanquished

Notes
Turn   | Place    | Note
-------+----------+-------------------------------------------
     0 | D:1      | falsifian the Deep Elf Hedge Wizard began the quest for the
                  | Orb.
     0 | D:1      | Reached XP level 1. HP: 10/10 MP: 7/7
   419 | D:1      | Reached skill level 5 in Spellcasting
   419 | D:1      | Reached XP level 2. HP: 12/15 MP: 7/10
   427 | D:1      | Learned a level 2 spell: Blink
   430 | D:1      | Learned a level 2 spell: Call Imp
   432 | D:1      | Learned a level 1 spell: Slow
  1079 | D:1      | Reached XP level 3. HP: 19/19 MP: 9/12
  1083 | D:1      | Learned a level 3 spell: Mephitic Cloud
  1087 | D:1      | Learned a level 3 spell: Conjure Flame
  1352 | D:2      | Noticed Natasha
  1618 | D:2      | Killed Natasha
  1871 | D:2      | Reached XP level 4. HP: 24/24 MP: 3/13
  2344 | D:2      | Noticed Natasha
  2349 | D:2      | Killed Natasha
  2350 | D:2      | Reached skill level 1 in Short Blades
  2356 | D:2      | Noticed Natasha
  2359 | D:2      | Identified a scroll of acquirement
  2359 | D:2      | Acquired Zyzemal's Almanac of Earth and Glamour
  2360 | D:2      | Killed Natasha
  2360 | D:2      | Killed by an exploding white imp... ignited by their inner
                  | flame

Illustrated notes

Levels and vault maps discovered:
D:1:      giann_bridges, layout_basic
D:2:      layout_loops_cross, hellmonk_ecumenical_altar_lost_god, minmay_puff,
          uniq_natasha

Skill      XL: |  1  2  3  4 |
---------------+-------------+-----
Spellcasting   | 5 |  5.9
Stealth        | 3 |  3.4
Short Blades   | 1 |  1.0
Fighting       | |  0.5
Dodging        | |  2.8
Conjurations   | |  1.5
Hexes          | |  0.6
Summonings     | |  1.3
Translocations | |  1.1

Action                   |  1- 3 |  4- 6 || total
-------------------------+-------+-------++-------
Melee: Short sword       |    40 |    14 ||    54
       Dagger            |     1 |       ||     1
       Punch             |     1 |       ||     1
 Cast: Magic Dart        |    41 |    12 ||    53
       Call Imp          |     5 |     2 ||     7
       Slow              |     3 |     1 ||     4
       Blink             |     1 |       ||     1
  Use: Scroll            |     3 |     2 ||     5
       Potion            |     3 |       ||     3
 Stab: Sleeping          |     9 |     1 ||    10
Armor: Robe              |    14 |     3 ||    17
Dodge: Dodged            |    29 |     5 ||    34
